 Dungeon Crawl Stone Soup version 0.17.1-2-g5865329 (webtiles) character file.

160 Jobasha the Ducker (level 5, 0/39 HPs)
             Began as a Human Gladiator on Jan 25, 2016.
             Was a Follower of Trog.
             Succumbed to an adder's poison
             ... on level 3 of the Dungeon.
             The game lasted 00:18:14 (2832 turns).

Jobasha the Ducker (Human Gladiator)                Turns: 2832, Time: 00:18:14

Health: 0/39       AC:  8    Str: 16    XL:     5   Next: 69%
Magic:  2/5        EV: 12    Int:  8    God:    Trog [*.....]
Gold:   112        SH:  0    Dex: 14    Spells: 0 memorised, 4 levels left

rFire  . . .     SeeInvis .     a - +1 trident
rCold  . . .     Clarity  .     x - +2 ring mail {MR+}
rNeg   . . .     SustAt   .     (no shield)
rPois  .         Gourm    .     c - +0 helmet
rElec  .         Spirit   +     (no cloak)
rCorr  .         Warding  .     (no gloves)
rMut   .         Stasis   .     (no boots)
MR     +....                    l - amulet of guardian spirit
Stlth  +.........               (no ring)
                                (no ring)

@: lethally poisoned (0 -> -3), somewhat resistant to hostile enchantments, very
unstealthy
A: no striking features
a: Berserk, Burn Spellbooks, Renounce Religion


You were on level 3 of the Dungeon.
You worshipped Trog.
Trog was aware of your devotion.
You were hungry.

You visited 1 branch of the dungeon, and saw 3 of its levels.

You collected 112 gold pieces.

Inventory:

Hand Weapons
 a - a +1 trident (weapon)
 m - a +0 spear
 u - a +0 hunting sling
Missiles
 r - 46 arrows
Armour
 b - a +0 leather armour
 c - a +0 helmet (worn)
 f - a +0 scale mail
 x - a +2 ring mail of magic resistance (worn)
 y - a +0 plate armour
Jewellery
 l - an amulet of guardian spirit (around neck)
Wands
 v - a wand of digging (3)
Scrolls
 g - a scroll of teleportation
 j - a scroll of amnesia
 p - 2 scrolls of random uselessness
 t - a scroll of remove curse
Potions
 h - a potion of magic {unknown}
 k - a potion of curing {unknown}
 n - a potion of resistance {unknown}
 o - 3 potions of heal wounds {unknown}
 s - a potion of brilliance
 A - a potion of mutation {unknown}
Comestibles
 e - 2 bread rations
 i - 2 meat rations
 q - a beef jerky
 w - 3 fruits
 z - 2 chunks of flesh


   Skills:
 + Level 2.6 Fighting
 + Level 3.8 Polearms
 + Level 2.0 Throwing
 + Level 2.4 Armour
 + Level 4.0 Dodging
 + Level 1.0 Stealth


You had 4 spell levels left.
You didn't know any spells.

Dungeon Overview and Level Annotations

Branches:
Dungeon (3/15)

Altars:
Trog


Message History

The orc priest struggles to escape the net.
You feel yourself speed up. The adder closely misses you.
The orc priest struggles against the net.
The orc priest struggles against the net.
The orc priest struggles against the net.
The adder bites you but does no damage.
The orc priest struggles against the net.
The net rips apart, and the orc priest comes free!
The adder bites you but does no damage. The adder misses you.
The adder bites you but does no damage.
You feel less exhausted. The adder bites you.
* * * LOW HITPOINT WARNING * * *
You are lethally poisoned!
The adder poisons you!
* * * LOW HITPOINT WARNING * * *
You feel sick. The adder misses you.
You die...

......#.#..#................#
...)......(.................#
รท.....#.#..#.###.#####.######
...)..#......# #.# #.#
.....##......# #.# ##+##########
.............# #)# #............
.............###.####........####
.............................#
.#...........<..@.S.#........#
##..................#........#
##..................#........#
###.##.##..........#........#
####..#.#############o.......#
#........<# #........#
........### ##o####### #.......#
#.# #.......# #.#


You could see an adder.

Vanquished Creatures
  An orc wizard (D:3)
  A worker ant (D:3)
  Natasha (thrice) (D:2)
  An adder (D:3)
  4 giant geckos
  5 orcs (D:3)
  A ball python (D:3)
  6 bats
  3 giant cockroaches (D:1)
  3 goblins
  5 hobgoblins
  11 jackals
  A quokka (D:3)
  2 giant newts
  6 kobolds
  6 rats
59 creatures vanquished.

Notes
Turn   | Place    | Note
--------------------------------------------------------------
     0 | D:1      | Jobasha the Human Gladiator began the quest for the Orb.
     0 | D:1      | Reached XP level 1. HP: 16/16 MP: 1/1
   301 | D:1      | Reached XP level 2. HP: 22/22 MP: 2/2
   564 | D:1      | Reached XP level 3. HP: 18/27 MP: 3/3
  1392 | D:2      | Found a bloodstained altar of Trog.
  1401 | D:2      | Became a worshipper of Trog the Wrathful
  1441 | D:2      | Noticed Natasha
  1453 | D:2      | Killed Natasha
  1453 | D:2      | Reached skill level 1 in Armour
  1453 | D:2      | Reached XP level 4. HP: 31/34 MP: 4/4
  1642 | D:2      | Noticed Natasha
  1652 | D:2      | Killed Natasha
  1975 | D:2      | Noticed Natasha
  1979 | D:2      | Killed Natasha
  2513 | D:3      | Reached XP level 5. HP: 39/39 MP: 5/5
  2730 | D:3      | Reached * piety under Trog
  2797 | D:3      | Reached skill level 1 in Stealth
  2800 | D:3      | Reached skill level 4 in Dodging
  2830 | D:3      | HP: 1/39 [poisoned by an adder]
  2832 | D:3      | Succumbed to an adder's poison

Action                   |  1- 3 |  4- 6 || total
-------------------------+-------+-------++-------
Melee: Trident           |    89 |    81 ||   170
Throw: Throwing net      |       |     3 ||     3
Invok: Berserk           |       |     1 ||     1
  Use: Scroll            |     5 |     3 ||     8
  Eat: Chunk             |     1 |     1 ||     2
       Bread ration      |     1 |       ||     1
